 Seeded DCSS version 0.27.1-3-gb3d3a73c9e (webtiles) character file.

Game seed: 69420690 (custom seed)

37 Skelothan the Insei (level 3, -6/26 HPs)
             Began as a Merfolk Transmuter on Oct 13, 2021.
             Mangled by Natasha (9 damage)
             ... on level 2 of the Dungeon.
             The game lasted 00:12:39 (1567 turns).

Skelothan the Insei (Merfolk Transmuter)            Turns: 1567, Time: 00:12:40

Health: -6/26      AC:  3    Str: 11    XL:     3   Next: 39%
Magic:  5/6        EV: 12    Int: 12    God:
Gold:   48         SH:  0    Dex: 14    Spells: 5/6 levels left

rFire    . . .     SeeInvis .   i - +0 quarterstaff
rCold    . . .     Faith    .   (shield currently unavailable)
rNeg     . . .     Spirit   .   c - +0 leather armour
rPois    .         Reflect  .   (helmet currently unavailable)
rElec    .         Harm     .   (no cloak)
rCorr    .         Rampage  .   (no gloves)
Will     .....                  (boots currently unavailable)
Stlth    +.........             (no amulet)
HPRegen  0.08/turn              (no ring)
MPRegen  0.10/turn              (no ring)

@: appendages, slowed, very slow
A: horns 2, (nimble swimmer 2), mertail
a: End Transformation


You were on level 2 of the Dungeon.
You had temporarily grown beastly horns.
You visited 1 branch of the dungeon, and saw 2 of its levels.

You collected 48 gold pieces.

Inventory:

Hand Weapons
 d - a +0 short sword
 e - a +0 club
 g - a +0 dagger
 i - a +0 quarterstaff (weapon)
Missiles
 h - 16 stones
 k - 20 poisoned darts
Armour
 a - a +0 robe
 c - a +0 leather armour (worn)
Scrolls
 f - a scroll of silence {unknown}


   Skills:
 + Level 1.3 Fighting
 + Level 1.2 Short Blades
 + Level 0.1 Staves
 + Level 0.4 Armour
 + Level 3.3 Dodging
 + Level 3.9 Unarmed Combat
 + Level 2.0 Spellcasting
 + Level 2.7 Transmutations


You had 5 spell levels left.
You knew the following spells:

 Your Spells              Type           Power      Damage    Failure   Level
a - Beastly Appendage     Tmut           14%        N/A       12%         1

Your spell library contained the following spells:

 Spells                   Type           Power      Damage    Failure   Level
 Wereblood                Tmut           7%         N/A       17%         2
 Spider Form              Tmut/Pois      2%         N/A       52%         3
 Ice Form                 Ice/Tmut       4%         N/A       90%         4


Dungeon Overview and Level Annotations

Branches:
Dungeon (2/15)

Altars:

Shops:
D:2 (

Annotations:
D:2 Natasha


Innate Abilities, Weirdness & Mutations

You have temporarily grown beastly horns.
((You are quick and stealthy near water. (Stealth+, EV+, Speed+++)))
Your lower body shifts to a powerful aquatic tail in water.


Message History

The iron imp is unaffected.
The iron imp disappears in a puff of smoke!
The crimson imp disappears in a puff of smoke!
You hit the crimson imp.
The crimson imp is lightly wounded.
The crimson imp disappears in a puff of smoke!
You start resting.
You feel yourself speed up.
You start resting.
HP restored.
Natasha hisses angrily.
Natasha casts a spell at you. The magic dart hits you.
Natasha closely misses you.
You barely miss Natasha. Natasha casts a spell at you. The magic dart hits you!
You closely miss Natasha. Natasha closely misses you.
You closely miss Natasha. Natasha claws you. x2
Your leather armour prevents you from hitting Natasha.
Natasha barely misses you.
You hit Natasha.
Natasha is moderately wounded.
Natasha casts a spell at you.
You feel yourself slow down.
You closely miss Natasha.
Natasha is moderately wounded.
Natasha casts a spell at you. The magic dart hits you!
* * * LOW HITPOINT WARNING * * *
Natasha misses you.
Casting: Beastly Appendage (safe; 12% risk of failure)
Confirm with . or Enter, or press ? or * to list all spells.
You grow a pair of large bovine horns.
Natasha misses you. Natasha casts a spell at you.
You resist with significant effort.
You barely miss Natasha.
Natasha is moderately wounded.
Natasha claws you!
You die...

#.# ##....# #.# ##....
#.# #.### #.# ##.# #.# ##
#####..# #.# .####.....##
#.# #.##..<##### #.#
#############.....###
#.####..........@h..### #
#......#########....#.(.#
#.###### #.......... #.#
#...)....(.. ###
#........>.. #...........
##.......... ##...##...#
##### ####


You could see Natasha.

Vanquished Creatures
  A dart slug (D:1)
  4 bats
  3 endoplasms (D:1)
  3 goblins
  5 hobgoblins (D:1)
  4 jackals (D:1)
  A quokka (D:2)
  4 ball pythons (D:1)
  2 frilled lizards (D:1)
  2 kobolds (D:1)
  2 rats
31 creatures vanquished.

Notes
Turn   | Place    | Note
-------+----------+-------------------------------------------
     0 | D:1      | Skelothan the Merfolk Transmuter began the quest for the
                  | Orb.
     0 | D:1      | Reached XP level 1. HP: 15/15 MP: 3/3
   120 | D:1      | Reached XP level 2. HP: 16/21 MP: 5/5
   607 | D:1      | Reached skill level 1 in Short Blades
   611 | D:1      | Reached XP level 3. HP: 16/26 MP: 6/6
  1107 | D:2      | Found Kicwea's Antique Weapon Shoppe.
  1254 | D:2      | Noticed Natasha
  1567 | D:2      | Mangled by Natasha

Illustrated notes

Levels and vault maps discovered:
D:1:      evilmike_arrival_fibonacci_small, layout_loops_ring,
          minmay_misc_feat_five
D:2:      layout_rooms, serial_shops, shop, uniq_natasha

Skill      XL: |  1  2 |
---------------+-------+-----
Dodging        | 3 |  3.3
Short Blades   | 1 |  1.2
Fighting       | |  1.3
Staves         | |  0.1
Armour         | |  0.4
Unarmed Combat | |  3.9
Spellcasting   | |  2.0
Transmutations | |  2.7

Action                   || total
-------------------------++-------
Melee: Short sword       ||    78
       Unarmed           ||     8
       Punch             ||     4
       Quarterstaff      ||    49
 Cast: Beastly Appendage ||     1
  Use: Scroll            ||     2
Armor: Leather armour    ||    43
Dodge: Dodged            ||   113
